AoeStats
← LRNI_altoguiso

Arena

510413040Analyzed
3v3 RM · 20h ago on Sep 30, 2026· 43m 2s· 6 players
Game mode
Random Map
Map size
Normal (6 player)
Population
200
Speed
Normal
Resources
Standard
Victory
Conquest
Starting age
Dark Age
Ending age
Imperial Age
RankedLock teamsTeams togetherTeam positionsShared explorationLock speedFull tech treeHidden civsTurbo modeCheats
Victory
Defeat
🇦🇷 Portuguese · Argentina
1439
+7
🇺🇸 Muisca · United States
1356
+10
🇨🇴 Celts · Colombia
1204
+15
🇬🇧 Celts · United Kingdom
1250
-12
🇭🇰 Danes · Hong Kong SAR China
1192
-10
🇹🇼 Byzantines · Taiwan
1191
-10
EnglishFrank
1:20 Loom
10:18 Feudal Age
11:05 Double-Bit Axe
16:34 Castle Age
14:27 Horse Collar
15:13 Forging
15:18 Scale Mail Armor
15:42 Arson
16:06 Gold Mining
25:08 Chain Mail Armor
34:23 Iron Casting
KuPanda
10:13 Feudal Age
12:19 Double-Bit Axe
14:46 Castle Age
12:37 Horse Collar
14:57 Forging
16:22 Light Cavalry
18:33 Husbandry
21:52 Bloodlines
24:34 Wheelbarrow
25:40 Hand Cart
30:13 Imperial Age
27:33 Loom
27:53 Gold Mining
31:22 Devotion
夕海真雪
10:38 Feudal Age
14:42 Castle Age
12:35 Double-Bit Axe
12:40 Horse Collar
20:06 Loom
LRNI MarinM
8:52 Feudal Age
7:07 Loom
12:28 Castle Age
11:05 Double-Bit Axe
11:43 Gold Mining
16:39 Sanctity
18:27 Redemption
21:17 Fervor
24:45 Forging
27:06 Bow Saw
27:35 Gold Shaft Mining
26:42 Horse Collar
30:06 Heavy Plow
30:49 Wheelbarrow
31:38 Hand Cart
31:35 Town Watch
31:53 Squires
31:53 Scale Mail Armor
33:16 Iron Casting
33:41 Chain Mail Armor
34:53 Town Patrol
40:04 Imperial Age
41:04 Block Printing
41:25 Theocracy
41:15 Illumination
LRNI_Thegar
9:20 Feudal Age
7:52 Loom
13:54 Castle Age
14:44 Gold Mining
14:54 Double-Bit Axe
LRNI_altoguiso
10:07 Feudal Age
14:03 Castle Age
17:13 Loom
Connection lost

Rejoining the realm…

Still unreachable

The connection could not be restored.

Session expired

The server has moved on; the page needs a fresh start.